Map: Catalyst LE

Players

Leenock

  • Race: Zerg Zerg
  • League: Grandmaster
  • Spawn Location: 11:00

Hurricane - Winner!

  • Race: Protoss Protoss
  • League: Master
  • Spawn Location: 5:00

Event: Memes & Dreams Invitational

VOD

Have the link to the VOD?

Description

Time

  • Played on: April 15, 2018, 3:01 a.m.
  • Length: 9:00

All games in this series

Show
View Real Time Build Order
Export as new Build Order

Leenock Zerg 

Build Orders: Pool First 

Get SALT Encoding   

  12  0:00  Drone  
  13  0:12  Overlord  
  13  0:16  Drone  
  14  0:30  Drone x2  
  14  0:34  Drone  
  17  0:52  Drone  
  17  0:54  Extractor, Spawning Pool  
  17  0:56  Drone  
  17  1:08  Drone  
  18  1:24  Overlord  
  18  1:38  Hatchery  
  17  1:40  Zergling x4  
  17  1:45  Queen  
  21  1:50  Drone  
  22  1:56  Metabolic Boost  
  22  2:00  Drone  
  23  2:10  Drone  
  24  2:23  Hatchery  
  23  2:33  Drone x2  
  25  2:39  Queen  
  27  2:47  Overlord  
  27  2:50  Drone  
  28  2:59  Zergling x2  
  28  3:01  Zergling x2  
  28  3:05  Queen  
  30  3:10  Drone  
  33  3:13  Drone  
  34  3:21  Drone  
  34  3:23  Queen  
  37  3:29  Drone  
  37  3:31  Spore Crawler  
  37  3:34  Spore Crawler  
  37  3:38  Spore Crawler  
  37  3:40  Drone  
  36  3:43  Drone  
  36  3:44  Drone  
  36  3:47  Drone  
  39  3:53  Drone x2  
  41  3:56  Drone  
  41  3:57  Drone  
  41  3:59  Drone  
  44  4:06  Drone x2, Evolution Chamber  
  44  4:09  Drone  
  46  4:11  Drone  
  46  4:13  Drone  
  46  4:16  Overlord  
  48  4:20  Overlord  
  47  4:30  Overlord  
  45  4:31  Baneling Nest  
  45  4:33  Zerg Melee Weapons Level 1  
  45  4:35  Drone x2  
  45  4:37  Drone x2  
  49  4:38  Drone  
  49  4:44  Zergling x6  
  49  4:45  Zergling x2  
  53  4:48  Zergling x4  
  53  4:51  Zergling x2  
  53  4:52  Zergling x2  
  57  4:54  Zergling x2  
  57  4:55  Zergling x2  
  57  4:58  Zergling x2  
  60  5:04  Overlord  
  56  5:10  Zergling x2  
  56  5:11  Zergling x10  
  56  5:13  Zergling x4  
  64  5:18  Baneling x5  
  64  5:19  Baneling x2  
  64  5:20  Baneling  
  64  5:23  Drone  
  64  5:25  Drone  
  64  5:26  Drone x2  
  62  5:46  Drone x5  
  62  5:47  Drone  
  62  5:49  Drone x4  
  69  5:50  Drone  
  69  5:51  Drone  
  69  5:52  Lair  
  69  5:55  Overlord  
  69  5:56  Extractor  
  70  6:01  Drone, Roach Warren  
  70  6:02  Drone  
  71  6:10  Drone x2  
  73  6:11  Overlord  
  73  6:13  Extractor x2  
  71  6:25  Zergling x20  
  81  6:26  Overlord x2  
  81  6:33  Overlord  
  81  6:46  Baneling x5  
  81  6:50  Glial Reconstitution  
  82  6:54  Drone  
  82  6:58  Roach x6  
  82  6:59  Zergling x2  
  82  7:00  Zergling x6  
  82  7:01  Zergling x4  
  98  7:02  Zergling x2  
  98  7:06  Zergling x10  
  105  7:12  Overlord  
  105  7:13  Baneling x3  
  105  7:14  Baneling x2  
  104  7:16  Roach x2  
  75  7:38  Roach x4  
  75  7:39  Zergling x2  
  75  7:40  Roach x2  
  75  7:41  Zergling x2, Roach  
  75  7:42  Zergling x10  
  78  7:51  Roach x2  
  78  7:53  Roach  
  72  8:12  Ravager  
  67  8:13  Zergling x10  
  67  8:15  Zergling x2  
  67  8:21  Roach  
  67  8:26  Zergling x2, Roach x3  
  66  8:27  Zergling x2  
  64  8:35  Roach  
  64  8:37  Roach  
  64  8:41  Roach  
Show
View Real Time Build Order
Export as new Build Order

Hurricane Protoss - Winner!

Build Orders: 1 Gate Expand, Oracle Opening, Phoenix Opening, Zealot Archon, Archon Drop 

Get SALT Encoding   

  12  0:00  Probe  
  13  0:12  Probe  
  14  0:20  Pylon  
  14  0:25  Probe  
  15  0:38  Probe (Chrono Boost)  
  15  0:39  Gateway  
  16  0:47  Probe (Chrono Boost)  
  16  0:49  Assimilator  
  17  0:52  Probe  
  18  1:04  Pylon, Probe  
  19  1:17  Probe  
  20  1:33  Nexus  
  20  1:42  Cybernetics Core  
  20  1:46  Probe  
  21  1:52  Assimilator  
  21  1:58  Probe  
  22  2:03  Pylon  
  22  2:10  Probe  
  23  2:19  Adept (Chrono Boost)  
  23  2:22  Probe  
  26  2:26  Stargate  
  26  2:34  Warp Gate  
  27  2:37  Probe (Chrono Boost)  
  27  2:40  Adept  
  29  2:45  Probe (Chrono Boost)  
  29  2:49  Probe (Chrono Boost)  
  31  2:55  Probe (Chrono Boost)  
  31  2:57  Probe (Chrono Boost)  
  33  3:00  Probe (Chrono Boost)  
  33  3:03  Probe  
  35  3:07  Oracle (Chrono Boost)  
  35  3:12  Probe  
  39  3:15  Probe  
  39  3:24  Probe  
  39  3:26  Gateway  
  40  3:27  Probe  
  40  3:30  Gateway  
  41  3:37  Phoenix (Chrono Boost)  
  41  3:38  Probe  
  41  3:40  Probe  
  45  3:44  Pylon  
  45  3:47  Assimilator  
  45  3:50  Probe  
  46  3:58  Assimilator  
  46  4:01  Oracle (Chrono Boost)  
  46  4:02  Probe  
  50  4:04  Probe  
  50  4:07  Pylon  
  51  4:14  Probe  
  51  4:16  Probe  
  53  4:17  Robotics Facility  
  53  4:26  Probe  
  53  4:29  Probe  
  55  4:33  Twilight Council  
  55  4:39  Zealot  
  58  4:46  Gateway x2  
  58  4:50  Gateway  
  58  4:52  Probe  
  58  5:07  Charge (Chrono Boost)  
  58  5:09  Warp Prism  
  58  5:13  Templar Archives  
  60  5:15  Gateway  
  60  5:18  Gateway  
  60  5:20  Pylon  
  60  5:26  Pylon  
  60  5:34  Pylon  
  60  5:36  Sentry  
  60  5:41  Zealot  
  62  5:44  Sentry  
  62  5:45  Zealot  
  62  5:46  Zealot  
  58  5:54  Probe x2  
  60  6:06  Probe  
  60  6:08  Probe  
  60  6:10  High Templar x3  
  68  6:11  High Templar  
  68  6:12  Zealot x4  
  68  6:16  Archon  
  68  6:17  Archon  
  78  6:22  Pylon  
  78  6:23  Pylon  
  78  6:25  Pylon  
  78  6:39  High Templar x2  
  82  6:40  Zealot x2  
  82  6:42  Zealot x2  
  82  6:44  Archon  
  90  6:53  Zealot  
  92  7:10  Zealot x5  
  92  7:15  Zealot x3  
  94  7:35  Zealot x3  
  94  7:36  Zealot x3  
  75  7:44  Immortal  
  75  7:52  High Templar x2  
  75  7:56  Archon  
  75  7:59  High Templar x2  
  75  8:03  Archon  
  75  8:04  Sentry  
  75  8:05  Zealot x3  
  71  8:25  Zealot x5  
  79  8:30  Pylon  
  79  8:32  Sentry  
  81  8:34  High Templar  
  81  8:35  High Templar  
  81  8:39  Archon  
  83  8:49  Zealot x4  
Tags
 
Add a new tag
Caveats
  • Supply blocks, unpowered buildings, or Contaminate may cause inaccurate times.
  • Supply counts are checked every 10 seconds.